 Dungeon Crawl Stone Soup version 0.23-a0-332-g9fe5f10 (webtiles) character file.

615 GizzardofKazz the Sneak (level 7, -2/32 HPs)
             Began as a Spriggan Enchanter on Oct 16, 2018.
             Was a Follower of Uskayaw.
             Slain by an ice beast (14 damage)
             ... on level 5 of the Dungeon.
             The game lasted 00:16:37 (4869 turns).

GizzardofKazz the Sneak (Spriggan Enchanter)        Turns: 4869, Time: 00:16:38

Health: -2/32      AC:  2    Str:  4    XL:     7   Next: 21%
Magic:  13/14      EV: 22    Int: 16    God:    Uskayaw [*.....]
Gold:   279        SH:  0    Dex: 19    Spells: 8/14 levels left

rFire    . . .     SeeInvis +   c - +1 dagger (flame)
rCold    . . .     Gourm    .   (shield restricted)
rNeg     . . .     Faith    .   b - +0 robe
rPois    .         Spirit   .   (helmet restricted)
rElec    .         Reflect  .   (no cloak)
rCorr    .         Harm     .   (gloves unavailable)
MR       +....                  (boots unavailable)
Stlth    ++++......             (no amulet)
HPRegen  0.10/turn              (no ring)
MPRegen  0.14/turn              (no ring)

@: very quick
A: very small, unfitting armour, see invisible, herbivore, speed 3, slow
metabolism 2
a: Stomp, Renounce Religion


You were on level 5 of the Dungeon.
You worshipped Uskayaw.
Uskayaw was noncommittal.
You were near starving.

You visited 2 branches of the dungeon, and saw 6 of its levels.

You collected 279 gold pieces.

Inventory:

Hand Weapons
 a - a +1 dagger
 c - a +1 dagger of flaming (weapon)
Armour
 b - a +0 robe (worn)
Wands
 q - a wand of acid (9)
Scrolls
 e - 11 scrolls of identify {unknown}
 f - 3 scrolls of teleportation {unknown}
 j - a scroll of fog {unknown}
 l - 4 scrolls of remove curse {unknown}
 m - 2 scrolls of noise {unknown}
 o - a scroll of amnesia {unknown}
 p - 4 scrolls of enchant armour {unknown}
 s - 2 scrolls of enchant weapon {unknown}
 v - a scroll of fear {unknown}
Potions
 g - a potion of haste {unknown}
 h - 2 potions of brilliance {unknown}
 i - a potion of invisibility {unknown}
 k - 2 potions of might {unknown}
 n - a potion of flight {unknown}
 r - a potion of curing {unknown}
 t - a potion of heal wounds {unknown}
 u - 2 potions of lignification {unknown}
Comestibles
 d - 12 rations


   Skills:
 + Level 4.2 Short Blades
 + Level 6.3 Dodging
 + Level 7.5 Stealth
 - Level 4.1 Spellcasting
 - Level 5.0 Hexes


You had 8 spell levels left.
You knew the following spells:

 Your Spells              Type           Power        Failure   Level  Hunger
a - Corona                Hex            ###....      2%          1    None
b - Ensorcelled Hibernat  Hex/Ice        ##....       9%          2    ##.....
c - Confuse               Hex            ###.....     6%          3    ###....

Your spell library contained the following spells:

 Spells                   Type           Power        Failure   Level  Hunger
 Tukima's Dance           Hex            ###.....     6%          3    ###....
 Dazzling Spray           Conj/Hex       ##....       19%         3    ###....


Dungeon Overview and Level Annotations

Branches:
Dungeon (5/15)             Temple (1/1) D:4

Altars:
Ashenzari
Cheibriados
Dithmenos
Elyvilon
Fedhas
Gozag
Hepliaklqana
Kikubaaqudgha
Makhleb
Nemelex Xobeh
Okawaru
Qazlal
Ru
Sif Muna
Trog
Uskayaw
Vehumet
Wu Jian
Xom
Yredelemnul
Zin
The Shining One


Innate Abilities, Weirdness & Mutations

You are very small and have problems with some larger weapons.
You are too small for most types of armour.
You have supernaturally acute eyesight. (SInv)
You are a herbivore.
You cover ground extremely quickly.
You need to consume almost no food.


Message History

You can't see any susceptible monsters within range! (Use Z to cast anyway.)
Casting: Corona (safe; 2% risk of failure)
Confirm with . or Enter, or press ? or * to list all spells.
You can't see any susceptible monsters within range! (Use Z to cast anyway.)
Casting: Corona (safe; 2% risk of failure)
Confirm with . or Enter, or press ? or * to list all spells.
Aiming: Corona (safe; 2% risk of failure)
Press: ? - help, Shift-Dir - straight line, f - ice beast
Aim: an ice beast (chance to defeat MR: 57%)
The ice beast is outlined in light.
The ice beast completely misses you.
You hit the ice beast but do no damage. The ice beast completely misses you.
You hit the ice beast.
You melt the ice beast.
The ice beast is moderately wounded.
You hit the ice beast but do no damage.
The ice beast is moderately wounded.
The ice beast misses you.
You hit the ice beast but do no damage.
The ice beast is moderately wounded.
The ice beast hits you. The ice beast freezes you!
You die...

#### # ..# ### #.## #.#
..# ##...###.####.#
............#.#
####....@##.#.#
##.....†Y..#.#.#
s..######..#.#.#########
.....####..#.#.#.......#
.......................+
.....##..#.#...#.......#
... #......#.....##### #
#......#.....#
#Y._..##.....#


You could see an ice beast.

Vanquished Creatures
  An ice beast (D:2)
  3 ogres
  A hound (D:4)
  A jelly (D:4)
  4 worker ants
  7 adders
  An adder zombie (D:5)
  3 worms
  A dart slug (D:3)
  2 leopard geckos
  An orc (D:3)
  A ball python (D:3)
  3 bats
  5 giant cockroaches
  6 goblins
  6 hobgoblins
  6 jackals
  4 kobolds
  A quokka (D:4)
  3 frilled lizards
  A butterfly (D:4)
  A plant (D:1)
62 creatures vanquished.

Notes
Turn   | Place    | Note
-------+----------+-------------------------------------------
     0 | D:1      | GizzardofKazz the Spriggan Enchanter began the quest for
                  | the Orb.
     0 | D:1      | Reached XP level 1. HP: 9/9 MP: 5/5
   324 | D:1      | Reached XP level 2. HP: 6/13 MP: 4/6
   494 | D:1      | Learned a level 2 spell: Ensorcelled Hibernation
  1542 | D:2      | Noticed an ice beast
  1544 | D:2      | Killed an ice beast
  1544 | D:2      | Reached skill level 5 in Stealth
  1544 | D:2      | Reached XP level 3. HP: 16/16 MP: 9/9
  1544 | D:2      | Reached XP level 4. HP: 21/21 MP: 10/10
  1975 | D:2      | Reached XP level 5. HP: 24/24 MP: 8/11
  2898 | D:3      | Found a hazy altar of Hepliaklqana.
  3029 | D:3      | Learned a level 3 spell: Confuse
  3232 | D:3      | Found a faded altar of an unknown god.
  3567 | D:4      | Found a staircase to the Ecumenical Temple.
  3580 | Temple   | Entered the Ecumenical Temple
  3680 | Temple   | Became a worshipper of Uskayaw the Reveler
  3811 | D:4      | Reached * piety under Uskayaw
  3892 | D:4      | Noticed an ogre
  3897 | D:4      | Killed an ogre
  3897 | D:4      | Reached skill level 6 in Stealth
  3897 | D:4      | Reached XP level 6. HP: 28/28 MP: 9/13
  3897 | D:4      | Reached ** piety under Uskayaw
  3910 | D:4      | Reached skill level 5 in Dodging
  4140 | D:4      | Reached skill level 5 in Hexes
  4507 | D:5      | Entered Level 5 of the Dungeon
  4692 | D:5      | Reached skill level 7 in Stealth
  4698 | D:5      | Reached XP level 7. HP: 32/32 MP: 9/14
  4700 | D:5      | Reached *** piety under Uskayaw
  4705 | D:5      | Reached **** piety under Uskayaw
  4716 | D:5      | Found a snail-covered altar of Cheibriados.
  4869 | D:5      | Slain by an ice beast

Vault maps used:
D:1:      lightli_arrival_chessboard, serial_bayou, serial_bayou_shore_a,
          serial_bayou_pond_d, serial_bayou_lagoon_a, serial_bayou_ford_a
D:2:      nicolae_underground_beach
D:3:      lemuel_doored_altar, first_ration,
          chequers_ecumenical_altar_simple_redux, serial_glass, glass_columns_b,
          glass_columns_b
D:4:      minmay_temple_entry_butterflies, st_stairs_6
D:5:      basic_altar
Temple:   compressed_dpeg_circular_temple

Skill      XL: |  1  2  3  4  5  6 |
---------------+-------------------+-----
Spellcasting   | 3 4 |  4.1
Short Blades   | 2 3 4 |  4.2
Dodging        | 4 6 |  6.3
Stealth        | 5 6 7 |  7.5
Hexes          | 4 5 |  5.0

Action                   |  1- 3 |  4- 6 |  7- 9 || total
-------------------------+-------+-------+-------++-------
Melee: Dagger            |   294 |   165 |    33 ||   492
 Cast: Corona            |     5 |     8 |     3 ||    16
       Ensorcelled Hiber |     1 |    27 |     3 ||    31
       Confuse           |       |     1 |       ||     1
 Stab: Sleeping          |     3 |    21 |     2 ||    26
       Paralysed         |       |       |     1 ||     1
  Eat: Ration            |       |     1 |       ||     1
Armor: Robe              |     4 |    10 |     2 ||    16
Dodge: Dodged            |    31 |   152 |    22 ||   205

Table legend:
 A = Non-vault XP
 B = Vault XP
 C = Vault XP percentage of total XP
 D = Non-vault monster count
 E = Vault monster count
 F = Vault count percentage of total count
                 A         B        C        D         E       F
            +---------+---------+-------+---------+---------+-------
      Total |     879 |       0 |   0.0 |      60 |       0 |   0.0
            +---------+---------+-------+---------+---------+-------
        D:1 |      23 |       0 |   0.0 |      12 |       0 |   0.0
        D:2 |     180 |       0 |   0.0 |      16 |       0 |   0.0
        D:3 |      63 |       0 |   0.0 |      14 |       0 |   0.0
        D:4 |     249 |       0 |   0.0 |       9 |       0 |   0.0
        D:5 |     364 |       0 |   0.0 |       9 |       0 |   0.0
            +---------+---------+-------+---------+---------+-------
